 Dungeon Crawl Stone Soup version 0.13.0-19-g8e0b589 (webtiles) character file.

236 Malachi the Skirmisher (level 4, -2/39 HPs)
             Began as a Ghoul Fighter on Oct 24, 2013.
             Rotted away (potion of mutation)
             ... on Level 3 of the Dungeon.
             The game lasted 00:03:59 (1772 turns).

Malachi the Skirmisher (Ghoul Fighter)              Turns: 1772, Time: 00:03:59

HP  -2/39        AC 13     Str 19 (20) XL: 4   Next: 57%
MP   2/2         EV  2     Int  3      God:
Gold 145         SH 18     Dex  8      Spells:  0 memorised,  3 levels left

Res.Fire  : . . .   See Invis. : .   a - +0 hand axe {=f}
Res.Cold  : + . .   Warding    : .   k - +0 orc plate armour
Life Prot.: + + +   Conserve   : .   c - +0 shield
Res.Poison: +       Res.Corr.  : .   (no helmet)
Res.Elec. : .       Clarity    : .   b - +0 elf cloak
Sust.Abil.: . .     Spirit.Shd : .   (no gloves)
Res.Mut.  : .       Stasis     : .   l - +0 pair of elf boots
Res.Rott. : +       Flight     : .   (no amulet)
Saprovore : + + +                    (no ring)
                                     (no ring)

@: rotting, slightly resistant to hostile enchantments, extremely unstealthy
A: rotting body, claws 1, carnivore 3, cold resistance 1, life protection 3,
poison resistance, saprovore 3, slow healing 1, torment resistance, unbreathing
a: no special abilities


You were on level 3 of the Dungeon.
You were not hungry.

You visited 1 branch of the dungeon, and saw 3 of its levels.

You collected 125 gold pieces.

Inventory:

Hand weapons
 a - a +0,+0 hand axe (weapon) {=f}
 u - a +0,+1 orcish flail of protection
Missiles
 j - 7 curare-tipped needles
Armour
 b - a +0 elven cloak (worn)
 c - a +0 shield (worn)
 k - a +0 orcish plate armour (worn)
 l - a +0 pair of elven boots (worn)
Magical devices
 f - a wand of polymorph (0)
Comestibles
 o - 2 chunks of hobgoblin flesh
Scrolls
 d - a scroll of random uselessness {unknown}
 e - a scroll of identify
 h - a scroll of curse jewellery {unknown}
 i - a scroll of fear {unknown}
 m - a scroll of teleportation {unknown}
 q - 2 scrolls of remove curse
Jewellery
 v - an uncursed amulet of guardian spirit
Potions
 r - a potion of restore abilities
 s - a potion of mutation {unknown}


   Skills:
 + Level 3.7 Fighting
 * Level 2.7 Axes
 + Level 3.0 Armour
 - Level 0.8 Dodging
 + Level 3.4 Shields


You had 3 spell levels left.
You didn't know any spells.

Dungeon Overview and Level Annotations

Branches:
Dungeon (3/27)

Altars:
Nemelex Xobeh


Innate Abilities, Weirdness & Mutations

Your body is rotting away.
You have sharp fingernails.
You are carnivorous and can eat meat at any time.
Your flesh is cold resistant.
You are immune to negative energy.
Your system is resistant to poisons.
You thrive on rotten meat.
You heal slowly.
You are immune to unholy pain and torment.
You can survive without breathing.


Message History

You continue eating.
You block the rat's attack. The orc hits you but does no damage.
The orc priest hits you with an orcish flail.
* * * LOW HITPOINT WARNING * * *
You continue eating.
The rat bites you but does no damage.
The orc hits you with an orcish falchion.
* * * LOW HITPOINT WARNING * * *
The orc priest calls down the wrath of Beogh upon you.
You are unaffected.
Drink which item? (? for menu, Esc to quit)
You feel refreshed.
It was a potion of restore abilities.
You block the rat's attack. The orc hits you but does no damage.
The orc priest barely misses you.
Drink which item? (? for menu, Esc to quit)
You feel extremely strange.
Your body decomposes!
You feel weakened.
Your body decomposes!
You die... r

#....#.# #.## #o #..(.#.#
#.#. #o #...)#.# #.#.
#####. #....#.# #.##
......o #....#.# #...
....... #....#.########
....... ##'#.#.........
.......h#####.#......#####
.......hr@....###....#####
.......hoo......+>...+....
......##########....#####
...... #....# # .....
#....# # .... ###### # ..
# . # #


You could see an orc priest, an orc, 3 jackals and a rat.

Vanquished Creatures
  An adder (D:2)
  An inept feature mimic (D:3)
  A giant mite (D:2)
  A worm (D:3)
  2 giant geckos
  2 oozes
  An orc (D:3)
  6 giant cockroaches
  5 hobgoblins
  5 kobolds
  9 bats
  4 giant newts
  8 goblins
  A jackal (D:3)
  9 rats
56 creatures vanquished.

Notes
Turn   | Place    | Note
--------------------------------------------------------------
     0 | D:1      | Malachi, the Ghoul Fighter, began the quest for the Orb.
     0 | D:1      | Reached XP level 1. HP: 19/19 MP: 0/0
   117 | D:1      | Reached XP level 2. HP: 20/25 MP: 1/1
   150 | D:1      | Found a sparkling altar of Nemelex Xobeh.
   604 | D:1      | Reached XP level 3. HP: 16/33 MP: 2/2
  1443 | D:2      | Reached XP level 4. HP: 37/37 MP: 2/2
  1770 | D:3      | HP: 1/39 [orc/orcish falchion (4)]
  1772 | D:3      | Rotted away (potion of mutation)

Action                   |  1- 3 |  4- 6 || total
-------------------------+-------+-------++-------
Melee: Hand axe          |   161 |    53 ||   214
Evoke: Wand              |       |     3 ||     3
  Use: Scroll            |       |     1 ||     1
       Potion            |       |     1 ||     1
